 Dungeon Crawl Stone Soup version 0.27-a0-1365-ge71e8f7681 (webtiles) character file.

Game seed: 15703606896429863497

41 HAL9000 the Sneak (level 3, 0/18 HPs)
             Began as a Vine Stalker Brigand on June 28, 2021.
             Slain by a gnoll (4 damage)
             ... on level 3 of the Dungeon.
             The game lasted 00:01:26 (1013 turns).

HAL9000 the Sneak (Vine Stalker Brigand)            Turns: 1013, Time: 00:01:26

Health: 0/18       AC:  3    Str: 13    XL:     3   Next: 52%
Magic:  0/4        EV: 11    Int: 12    God:
Gold:   36         SH:  4    Dex: 15    Spells: 2/2 levels left

rFire    . . .     SeeInvis .   a - +2 dagger
rCold    . . .     Faith    .   h - +0 buckler
rNeg     . . .     Spirit   +   b - +0 robe
rPois    .         Reflect  .   (no helmet)
rElec    .         Harm     .   c - +0 cloak
rCorr    .         Rampage  .   (no gloves)
Will     .....                  (no boots)
Stlth    +++.......             (no amulet)
HPRegen  0.06/turn              (no ring)
MPRegen  0.09/turn              (no ring)

@: no status effects
A: fangs 2, magic shield, antimagic bite, no potion heal 2
a: no special abilities


You were on level 3 of the Dungeon.
You visited 1 branch of the dungeon, and saw 3 of its levels.

You collected 36 gold pieces.

Inventory:

Hand Weapons
 a - a +2 dagger (weapon)
Missiles
 d - 13 poisoned darts (quivered)
 e - 2 curare-tipped darts
Armour
 b - a +0 robe (worn)
 c - a +0 cloak (worn)
 h - a +0 buckler (worn)
Wands
 n - a wand of paralysis (8)
Scrolls
 j - a scroll of vulnerability {unknown}
 k - a scroll of teleportation {unknown}
 l - a scroll of torment {unknown}
 m - a scroll of summoning {unknown}
Potions
 f - a potion of invisibility {unknown}
 g - a potion of heal wounds {unknown}
 i - 2 potions of lignification {unknown}


   Skills:
 - Level 1.7 Fighting
 + Level 2.8 Short Blades
 - Level 1.7 Throwing
 - Level 0.7 Dodging
 - Level 4.8 Stealth
 * Level 1.6 Shields


You had 2 spell levels left.
You didn't know any spells.
Your spell library was empty.

Dungeon Overview and Level Annotations

Branches:
Dungeon (2/15)

Altars:
Dithmenos
The Shining One


Innate Abilities, Weirdness & Mutations

You have extremely sharp teeth.
When hurt, damage is shared between your health and your magic reserves.
Your bite disrupts and absorbs the magic of your enemies.
Potions cannot restore your health.


Message History

The gnoll is moderately wounded.
You kill the gnoll!
You have reached level 3!
Your experience leads to an increase in your attributes!
Increase (S)trength, (I)ntelligence, or (D)exterity?
You feel clever.
Unknown command.
Throw: 14 darts (poison)
Press: ? - help, Q - select action, (/) - cycle Shift-Dir - straight line, f/p - gnoll
Aim: a gnoll, wielding a +2 vorpal spear (heavily wounded, 61% to hit)
You throw a poisoned dart. The poisoned dart hits the gnoll.
The gnoll is poisoned.
The gnoll is heavily wounded.
Unknown command.
You kill the gnoll!
You closely miss the gnoll. The gnoll hits you with a +0 club.
You hit the gnoll.
The gnoll is moderately wounded.
You hit the gnoll but do no damage.
The gnoll is moderately wounded.
The gnoll hits you with a +0 club.
You are too injured to fight recklessly!
You are too injured to fight recklessly!
You completely miss the gnoll. You bite the gnoll. You drain its power.
The gnoll is heavily wounded.
You block the gnoll's attack.
You hit the gnoll. Your bite misses the gnoll.
The gnoll is heavily wounded.
The gnoll hits you with a +0 club.
You hit the gnoll.
The gnoll is severely wounded.
The gnoll completely misses you.
You hit the gnoll but do no damage.
The gnoll is severely wounded.
The gnoll hits you with a +0 club.
* * * LOW HITPOINT WARNING * * *
You hit the gnoll but do no damage.
The gnoll is severely wounded.
The gnoll hits you with a +0 club.
You die...

#g.# #....# #........###
##g# #..#.# #.######....
#g####..#(####.#######.##
##.#..g(.#.#............#
#....###<#.#.........####
#.#..# #.#.#.........#
#....# #.#)#.........#
.....#.####.#g#.†.......#
...###..##..@.#.........#
... ##.##..###.........#
.. #.##..# #.........#
#..#..###..(......#
####.#......##......#
#.....#.###.#######.#
#.....#.# #.# #.......#
#.# #....#..# #†#


You could see a gnoll.

Vanquished Creatures
  2 gnolls (D:3)
  An endoplasm (D:1)
  3 goblins
  4 hobgoblins
  2 jackals (D:1)
  A quokka (D:3)
  3 ball pythons
  3 bats (D:1)
  2 frilled lizards
  A rat (D:1)
22 creatures vanquished.

Notes
Turn   | Place    | Note
-------+----------+-------------------------------------------
     0 | D:1      | HAL9000 the Vine Stalker Brigand began the quest for the
                  | Orb.
     0 | D:1      | Reached XP level 1. HP: 11/11 MP: 2/2
   462 | D:1      | Reached XP level 2. HP: 15/15 MP: 3/3
   671 | D:1      | Reached skill level 1 in Shields
   744 | D:2      | You fall into a shaft and drop 1 floor!
   776 | D:3      | Found a glowing golden altar of the Shining One.
   964 | D:3      | Found a shadowy altar of Dithmenos.
   999 | D:3      | Reached XP level 3. HP: 13/18 MP: 4/4
  1013 | D:3      | Slain by a gnoll

Illustrated notes

Levels and vault maps discovered:
D:1:      lightli_molten_gateway, layout_basic
D:2:      layout_basic, serial_shops, shop, nicolae_shop_window_shopping, shop,
          hangedman_glass_teeth, minmay_randomly_rotated_circles, uniq_terence,
          uniq_crazy_yiuf_cottage, uniq_robin
D:3:      layout_basic, lemuel_doored_altar, lemuel_crystal_altar,
          hellmonk_ecumenical_altar_inner_sanctum

Skill      XL: |  1  2 |
---------------+-------+-----
Short Blades   | 2 |  2.8
Shields        | 1 |  1.6
Fighting       | |  1.7
Throwing       | |  1.7
Dodging        | |  0.7
Stealth        | |  4.8

Action                   || total
-------------------------++-------
Melee: Dagger            ||    51
       Bite              ||    10
Throw: Dart              ||     4
 Stab: Sleeping          ||     7
Armor: Robe              ||     6
Dodge: Dodged            ||    15
Block: Buckler           ||     9

Table legend: (Time is in decaauts)
 A = Elapsed time spent in this place.
 B = Non-inter-level travel time spent in this place.
 C = Inter-level travel time spent in this place.
 D = Time resting spent in this place.
 E = Time spent auto-exploring this place.
 F = Levels seen in this place.
 G = Mean time per level.
                   A        B        C        D        E       F      G
               +--------+--------+--------+--------+--------+-----+--------+
         Total |   1009 |    995 |     14 |      0 |    813 |   3 |  336.3 |
       Dungeon |   1009 |    995 |     14 |      0 |    813 |   3 |  336.3 |
               +--------+--------+--------+--------+--------+-----+--------+

Top non-repeatable levels by time:
     D:1: 735 daAuts
     D:3: 267 daAuts
     D:2: 5 daAuts
